AoeStats
← zlk*********************

Black Forest

505922972Analyzed
4v4 RM · 21d ago on Sep 11, 2026· 64m 34s· 8 players
Game mode
Random Map
Map size
Large (8 player)
Population
200
Speed
Normal
Resources
Standard
Victory
Conquest
Starting age
Dark Age
Ending age
Imperial Age
RankedLock teamsTeams togetherTeam positionsShared explorationLock speedFull tech treeHidden civsTurbo modeCheats
Victory
Defeat
🇪🇸 Britons · Spain
938
+14
🇩🇪 Mongols · Germany
885
+16
🇹🇷 Franks · Türkiye
883
+16
🇬🇧 Byzantines · United Kingdom
863
+17
🇱🇻 Dravidians · Latvia
930
-18
🇷🇴 Khmer · Romania
926
-17
895
-16
🇩🇪 Byzantines · Germany
796
-12
tosunpaşa
12:32 Feudal Age
13:51 Double-Bit Axe
16:03 Wheelbarrow
17:41 Castle Age
15:58 Town Watch
18:03 Stone Mining
18:04 Gold Mining
19:46 Bow Saw
21:05 Hand Cart
20:52 Town Patrol
20:38 Loom
27:47 Gold Shaft Mining
27:37 Fervor
29:26 Forging
29:22 Scale Barding Armor
30:16 Caravan
30:48 Coinage
30:58 Iron Casting
31:52 Chain Barding Armor
31:40 Husbandry
34:15 Sanctity
33:51 Herbal Medicine
33:18 Pikeman
33:59 Squires
33:44 Arson
36:58 Imperial Age
34:51 Scale Mail Armor
34:18 Light Cavalry
35:20 Murder Holes
35:46 Ballistics
36:44 #83
36:49 Masonry
38:54 Chemistry
38:26 Architecture
37:58 Chivalry
38:19 Conscription
38:38 Hoardings
37:33 Cavalier
38:05 Halberdier
39:10 Paladin
40:52 Plate Barding Armor
41:01 Fortified Wall
41:13 Block Printing
41:25 Illumination
43:03 Blast Furnace
44:10 Chain Mail Armor
44:29 Banking
44:57 Elite Throwing Axeman
52:27 Onager
101st Panda Division
13:17 Feudal Age
19:03 Castle Age
16:54 Double-Bit Axe
18:14 Horse Collar
23:08 Wheelbarrow
23:42 Loom
27:15 Gold Mining
27:29 Stone Mining
27:12 Pikeman
28:53 Hand Cart
30:37 Husbandry
34:36 Imperial Age
32:44 Forging
32:34 Scale Mail Armor
32:39 Scale Barding Armor
32:24 Fletching
32:35 Padded Archer Armor
32:58 Caravan
35:11 Gold Shaft Mining
35:24 Stone Shaft Mining
35:23 Heavy Plow
35:42 Bow Saw
36:16 Conscription
38:21 Fortified Wall
38:07 Murder Holes
37:42 Elite Cataphract
40:06 Iron Casting
40:06 Bodkin Arrow
41:05 Chain Barding Armor
41:03 Chain Mail Armor
42:00 Logistica
44:24 Ballistics
45:05 Chemistry
43:46 Treadmill Crane
45:15 Hoardings
47:19 Bombard Tower
48:02 Onager
55:07 Two-Man Saw
54:47 Crop Rotation
60:07 Squires
59:52 Arson
59:42 Halberdier
Sägewerk
0:29 Loom
14:11 Feudal Age
15:57 Wheelbarrow
15:09 Double-Bit Axe
15:07 Horse Collar
22:10 Castle Age
21:35 Stone Mining
21:46 Gold Mining
30:03 Heavy Plow
30:19 Bow Saw
33:43 Fortified Wall
36:48 Imperial Age
34:25 Nomads
36:50 Onager
37:59 Conscription
39:31 Drill
40:28 Chemistry
40:57 Hoardings
40:45 Husbandry
40:56 Bloodlines
40:06 Light Cavalry
43:50 Hussar
46:10 Siege Engineers
46:01 Murder Holes
47:43 Fletching
64:14 Gold Shaft Mining
63:32 Siege Onager
Bander
12:40 Feudal Age
11:03 Loom
16:46 Castle Age
15:08 Stone Mining
24:18 Wheelbarrow
23:31 Town Watch
23:35 Horse Collar
24:47 Gold Mining
26:13 Heavy Plow
26:51 Gold Shaft Mining
26:03 Double-Bit Axe
27:19 Bow Saw
27:28 Hand Cart
28:00 Padded Archer Armor
27:51 Fletching
28:24 Ballistics
27:45 Treadmill Crane
29:05 Leather Archer Armor
30:08 Bodkin Arrow
32:53 Imperial Age
30:58 Yeomen
30:58 Town Patrol
31:15 Fortified Wall
31:33 Bodkin Arrow
34:48 Chemistry
34:23 Ring Archer Armor
33:54 Bracer
34:22 Conscription
35:00 Elite Longbowman
35:53 Siege Engineers
35:59 Masonry
39:11 Architecture
38:37 Murder Holes
39:22 Hoardings
40:50 Two-Man Saw
42:41 Warwolf
44:01 Devotion
57:57 Faith
Janko_22
3:55 Loom
15:28 Feudal Age
16:23 Double-Bit Axe
16:23 Horse Collar
20:13 Stone Mining
21:11 Wheelbarrow
27:24 Castle Age
26:05 Arson
26:47 Gold Mining
28:53 Bow Saw
33:07 Imperial Age
32:01 Scale Barding Armor
32:06 Forging
32:57 Greek Fire
33:37 Chain Barding Armor
33:53 Iron Casting
33:45 Husbandry
35:14 Stone Shaft Mining
35:14 Gold Shaft Mining
36:55 Plate Barding Armor
36:47 Conscription
36:38 Heavy Plow
37:17 Cavalier
38:46 Thumb Ring
39:31 Squires
39:16 Gambesons
40:45 Fortified Wall
41:36 Chemistry
40:34 Murder Holes
40:51 Caravan
42:23 Hoardings
42:56 Guard Tower
42:52 Arrowslits
44:12 Logistica
45:00 Elite Cataphract
46:50 Ballistics
47:48 Bombard Tower
49:38 Keep
49:35 Paladin
zlk*********************
11:04 Feudal Age
13:16 Double-Bit Axe
15:01 Horse Collar
16:46 Wheelbarrow
16:13 Gold Mining
19:28 Castle Age
20:41 Stone Mining
29:38 Imperial Age
27:30 Heavy Plow
30:00 Hand Cart
32:14 Fletching
32:36 Forging
33:58 Chemistry
34:21 Cavalier
35:02 Husbandry
35:45 Elite Organ Gun
36:22 Elite Skirmisher
37:01 Bodkin Arrow
37:07 Padded Archer Armor
37:20 Light Cavalry
38:10 Bracer
38:28 Leather Archer Armor
39:06 Thumb Ring
39:18 Bloodlines
39:52 Iron Casting
39:50 Ring Archer Armor
42:45 Blast Furnace
41:53 Scale Barding Armor
44:01 Chain Barding Armor
44:15 Ballistics
44:10 Masonry
44:06 Siege Engineers
44:29 Caravan
47:26 Plate Barding Armor
46:58 Arquebus
52:06 Crossbowman
52:50 Scale Mail Armor
53:38 Conscription
53:10 Arbalester
58:08 Chain Mail Armor
Bogdajjke.
12:22 Feudal Age
16:19 Wheelbarrow
21:45 Castle Age
22:03 Double-Bit Axe
24:57 Horse Collar
28:37 Gold Mining
28:43 Stone Mining
28:55 Heavy Plow
29:06 Bow Saw
31:51 Gold Shaft Mining
34:57 Imperial Age
32:15 Town Watch
34:34 Ballistics
34:29 Scale Barding Armor
34:25 Padded Archer Armor
34:21 Fletching
34:43 Forging
38:40 Conscription
37:40 Elite Ballista Elephant
38:30 Tusk Swords
38:31 Double Crossbow
41:11 Chemistry
40:04 Elite Battle Elephant
40:46 Husbandry
40:58 Bloodlines
41:08 Leather Archer Armor
40:48 Bodkin Arrow
40:59 Scale Mail Armor
41:20 Chain Barding Armor
41:35 Iron Casting
42:54 Fortified Wall
43:15 Ring Archer Armor
42:46 Bracer
43:01 Caravan
44:18 Crop Rotation
45:52 Blast Furnace
47:26 Onager
59:49 Elite Skirmisher
63:05 Theocracy
AjeziSajirava
5:28 Loom
13:32 Feudal Age
17:43 Castle Age
15:38 Double-Bit Axe
16:21 Horse Collar
22:41 Bow Saw
27:12 Wheelbarrow
30:49 Imperial Age
28:51 Hand Cart
28:57 Padded Archer Armor
28:48 Fletching
28:59 Scale Mail Armor
29:19 Caravan
29:51 Leather Archer Armor
30:26 Bodkin Arrow
31:08 Thumb Ring
31:25 Elite Elephant Archer
32:13 Bracer
33:11 Conscription
33:14 Medical Corps
34:04 Ring Archer Armor
34:57 Siege Elephant
36:50 Wootz Steel
41:16 Onager
43:25 Siege Onager
47:03 Guilds
48:39 Chemistry
48:09 Ballistics
48:39 Heavy Scorpion
56:05 Masonry
55:51 Murder Holes
Connection lost

Rejoining the realm…

Still unreachable

The connection could not be restored.

Session expired

The server has moved on; the page needs a fresh start.